AoeStats
← scotchmalt

Arabia

510285936Analyzed
2v2 RM · 1d ago on Sep 30, 2026· 45m 37s· 4 players
Game mode
Random Map
Map size
Medium (4 player)
Population
200
Speed
Normal
Resources
Standard
Victory
Conquest
Starting age
Dark Age
Ending age
Imperial Age
RankedLock teamsTeams togetherTeam positionsShared explorationLock speedFull tech treeHidden civsTurbo modeCheats
Victory
Defeat
🇦🇺 Huns · Australia
1017
+14
🇨🇳 Slavs · China
923
+25
🇮🇳 Khitans · India
972
-16
🇮🇳 Koreans · India
966
-16
3690186292
7:31 Loom
10:16 Feudal Age
10:43 Double-Bit Axe
11:18 Horse Collar
22:36 Castle Age
20:53 Man-at-Arms
21:53 Fletching
22:00 Gold Mining
24:58 Forging
25:51 Bow Saw
25:51 Scale Barding Armor
26:40 Heavy Plow
27:21 Pikeman
29:47 Stone Mining
31:08 Wheelbarrow
31:54 Husbandry
32:23 Bodkin Arrow
32:50 Bloodlines
32:46 Padded Archer Armor
32:54 Town Watch
34:15 Hand Cart
35:13 Detinets
38:08 Imperial Age
38:26 Elite Boyar
39:45 Iron Casting
40:34 Two-Man Saw
40:07 Crop Rotation
39:19 Man-at-Arms
39:33 Halberdier
41:35 Conscription
43:44 Squires
43:08 Long Swordsman
44:14 Conscription
44:35 Two-Handed Swordsman
45:18 Druzhina
45:58 Scale Mail Armor
Victor_Wembanyama
5:58 Loom
10:10 Feudal Age
11:09 Double-Bit Axe
15:37 Horse Collar
16:44 Wheelbarrow
18:58 Castle Age
17:20 Gold Mining
20:23 Bloodlines
20:13 Husbandry
20:58 Forging
20:54 Scale Barding Armor
22:11 Bow Saw
24:53 Gold Shaft Mining
26:43 Hand Cart
30:14 Fletching
35:00 Imperial Age
34:29 Ballistics
34:20 Thumb Ring
35:23 Iron Casting
35:09 Chain Barding Armor
34:45 Bodkin Arrow
37:15 Blast Furnace
35:41 Cavalier
37:47 Heavy Cavalry Archer
38:52 Parthian Tactics
38:57 Parthian Tactics
40:55 Plate Barding Armor
41:49 Paladin
scotchmalt
8:48 Loom
10:42 Feudal Age
15:04 Fletching
20:35 Castle Age
20:53 Pikeman
22:10 Scale Mail Armor
22:21 Forging
23:25 Bodkin Arrow
24:14 Chain Mail Armor
25:15 Gold Mining
26:02 Double-Bit Axe
26:41 Ballistics
26:51 Crossbowman
30:26 Iron Casting
34:40 Imperial Age
34:21 Squires
34:07 Arson
35:45 Halberdier
38:14 Murder Holes
38:40 Ballistics
39:54 Conscription
40:53 Plate Mail Armor
MrFox
7:09 Loom
9:32 Feudal Age
11:59 Forging
13:09 Town Watch
14:05 Scale Barding Armor
21:40 Castle Age
22:22 Heavy Cavalry Archer
22:35 Pikeman
23:15 Squires
26:51 Double-Bit Axe
28:51 Padded Archer Armor
31:23 Husbandry
35:57 Wheelbarrow
36:33 Bow Saw
36:16 Gold Mining
36:42 Scale Mail Armor
42:56 Chain Mail Armor
43:06 Chain Barding Armor
46:02 Imperial Age
Connection lost

Rejoining the realm…

Still unreachable

The connection could not be restored.

Session expired

The server has moved on; the page needs a fresh start.